 Dungeon Crawl Stone Soup version 0.20.1-1-g8b1a95d (webtiles) character file.

46 Folque the Magician (level 3, -1/25 HPs)
             Began as an Octopode Wizard on Oct 28, 2017.
             Slain by Natasha (6 damage)
             ... on level 2 of the Dungeon.
             The game lasted 00:06:58 (1197 turns).

Folque the Magician (Octopode Wizard)               Turns: 1197, Time: 00:06:59

Health: -1/25      AC:  1    Str:  6    XL:     3   Next: 68%
Magic:  3/7        EV: 13    Int: 21    God:
Gold:   104        SH:  0    Dex: 10    Spells: 3/8 levels left

rFire    . . .     SeeInvis .   e - +0 dagger
rCold    . . .     Gourm    .   (no shield)
rNeg     . . .     Faith    .   a - +0 hat
rPois    .         Spirit   .   (no amulet)
rElec    .         Reflect  .   (no ring)
rCorr    .         Harm     .   (no ring)
MR       .....                  (no ring)
Stlth    +++.......             (no ring)
Regen    0.1/turn               (no ring)
MPRegen  0.1/turn               (no ring)
                                (no ring)
                                (no ring)

@: no status effects
A: almost no armour, stealthy swim, amphibious, 8 rings, constrict 8, camouflage
1, gelatinous body 1
a: no special abilities


You were on level 2 of the Dungeon.
You were not hungry.

You visited 1 branch of the dungeon, and saw 2 of its levels.

You collected 104 gold pieces.

Inventory:

Hand Weapons
 e - a +0 dagger (weapon)
Missiles
 d - 14 bolts
Armour
 a - a +0 hat (worn)
Scrolls
 g - a scroll of recharging {unknown}
 k - a scroll of fog {unknown}
 l - a scroll of remove curse {unknown}
Potions
 f - a potion of curing {unknown}
 i - a potion of heal wounds {unknown}
 j - a potion of might {unknown}
Books
 b - a book of Minor Magic

   Spells                             Type                      Level
   a - Magic Dart                     Conjuration                  1
   b - Blink                          Translocation                2
   c - Call Imp                       Summoning                    2
   d - Slow                           Hexes                        2
   e - Conjure Flame                  Conjuration/Fire             3
   f - Mephitic Cloud                 Conjuration/Poison/Air       3
Comestibles
 c - a bread ration
 h - a meat ration


   Skills:
 * Level 2.5 Fighting
 - Level 2.0 Dodging
 - Level 2.6 Stealth
 + Level 3.4 Spellcasting
 - Level 1.0 Conjurations
 - Level 1.0 Summonings
 - Level 1.0 Translocations


You had 3 spell levels left.
You knew the following spells:

 Your Spells              Type           Power        Failure   Level  Hunger
a - Magic Dart            Conj           #...         9%          1    None
b - Call Imp              Summ           #.......     13%         2    ##.....
c - Blink                 Tloc           N/A          13%         2    ##.....


Dungeon Overview and Level Annotations

Branches:
Dungeon (2/15)

Altars:

Annotations:
D:2 Natasha


Innate Abilities, Weirdness & Mutations

You cannot wear most types of armour.
You are very stealthy in the water. (Stealth+)
You are amphibious.
You can wear up to eight rings at the same time.
You can use your tentacles to constrict eight enemies at once.
Your skin changes colour to match your surroundings (Stealth+).
Your rubbery body absorbs attacks. (AC +1, EV +1)


Message History

Natasha is heavily wounded.
Natasha barely misses you.
You swap places.
Natasha claws your crimson imp.
Your crimson imp blinks!
There is an open door here.
Natasha closely misses you.
You hit Natasha but do no damage. You grab Natasha.
Natasha is heavily wounded.
You constrict Natasha, but do no damage.
Natasha claws you!
* * * LOW HITPOINT WARNING * * *
Casting: Call Imp
Confirm with . or Enter, or press ? or * to list all spells.
Aiming: Magic Dart
Press: ? - help, Shift-Dir - straight line, f/p - Natasha
Aim: Natasha (heavily wounded, constricted by you)
The magic dart hits Natasha.
Natasha is heavily wounded.
You constrict Natasha. Natasha claws you.
You die...

...รท...#...##########.###...##
........(....# #.......#
###..........# #.......#
#..........# #.......#
#..........### #.......#
#............######.......#
#.........................#
####...###...######.......#
#..'.....+...5@h......
#.##...###...#######..
#.##...###...####
#.##..............
#.#####.##...##### #.# #.##.[.#
#.# #.##...# #.# #.##...# #.#
#.##...#


You could see Natasha and a friendly crimson imp.

Vanquished Creatures
  2 adders (D:2)
  A dart slug (D:1)
  2 giant cockroaches (D:1)
  6 goblins
  2 hobgoblins (D:1)
  2 kobolds (D:1)
  5 bats
  2 frilled lizards
  5 rats (D:1)
27 creatures vanquished.

Notes
Turn   | Place    | Note
-------+----------+-------------------------------------------
     0 | D:1      | Folque the Octopode Wizard began the quest for the Orb.
     0 | D:1      | Reached XP level 1. HP: 11/11 MP: 4/4
   252 | D:1      | Reached XP level 2. HP: 18/18 MP: 6/6
   363 | D:1      | Reached skill level 1 in Fighting
   685 | D:2      | Reached XP level 3. HP: 24/24 MP: 4/7
  1095 | D:2      | Learned a level 2 spell: Call Imp
  1098 | D:2      | Learned a level 2 spell: Blink
  1185 | D:2      | Noticed Natasha
  1197 | D:2      | Slain by Natasha

Skill      XL: |  1  2  3 |
---------------+----------+-----
Fighting       | 1 2 |  2.5
Dodging        | |  2.0
Stealth        | |  2.6
Spellcasting   | |  3.4
Conjurations   | |  1.0
Summonings     | |  1.0
Translocations | |  1.0

Action                   || total
-------------------------++-------
Melee: Dagger            ||    52
       Tentacles         ||     6
       Unarmed           ||     3
       Constrict         ||    12
 Cast: Magic Dart        ||    25
       Call Imp          ||     1
 Stab: Sleeping          ||    10
  Eat: Chunk             ||     1
Armor: Skin              ||     7
Dodge: Dodged            ||    40
